 Dungeon Crawl Stone Soup version 0.30.1-6-gbe392663c4 (webtiles) character file.

Game seed: 5763048857768801443

133 Wiggles the Chopper (level 4, -3/41 HPs)
             Began as a Minotaur Berserker on Sept 20, 2023.
             Was a Believer of Trog.
             Slain by an orc
             ... wielding a +0 trident
              (5 damage)
             ... on level 3 of the Dungeon.
             The game lasted 00:02:43 (1586 turns).

Wiggles the Chopper (Minotaur Berserker)            Turns: 1586, Time: 00:02:43

Health: -3/41      AC: 13    Str: 24    XL:     4   Next: 93%
Magic:  3/3        EV:  7    Int:  4    God:    Trog [**....]
Gold:   140        SH:  0    Dex:  9    Spells: 3/3 levels left

rFire   . . .        a - +0 hand axe
rCold   + . .        (no shield)
rNeg    . . .        i - +1 plate armour {rC+}
rPois   .            (helmet restricted)
rElec   .            h - scarf {repulsion}
rCorr   .            (no gloves)
SInv    .            f - +0 pair of boots
Will    .....        (no amulet) Stlth
                     (no ring)
HPRegen 0.26/turn    (no ring)
MPRegen 0.08/turn

%: repel missiles
@: on berserk cooldown, slowed, very slow
A: horns 2, retaliatory headbutt
a: Renounce Religion, Berserk, Trog's Hand


You were on level 3 of the Dungeon.
You worshipped Trog.
Trog was pleased with you.
You visited 1 branch of the dungeon, and saw 3 of its levels.

You collected 140 gold pieces.

Inventory:

Hand Weapons
 a - a +0 hand axe (weapon)
Armour
 f - a +0 pair of boots (worn)
 h - a scarf of repulsion (worn)
 i - a +1 plate armour of cold resistance (worn)
Jewellery
 m - a ring of protection from cold
 p - a ring of protection from cold
Scrolls
 d - 3 scrolls of vulnerability {unknown}
 e - 2 scrolls of torment {unknown}
 j - a scroll of enchant armour {unknown}
 k - a scroll of teleportation {unknown}
 o - 3 scrolls of identify {unknown}
 q - a scroll of fog {unknown}
Potions
 b - 2 potions of cancellation {unknown}
 c - a potion of attraction {unknown}
 g - a potion of lignification {unknown}
 l - 2 potions of curing {unknown}
 n - a potion of magic {unknown}


   Skills:
 + Level 4.8 Fighting
 + Level 5.1 Axes
 + Level 3.6 Armour
 + Level 2.5 Dodging


You had 3 spell levels left.
You didn't know any spells.
Your spell library was empty.

Dungeon Overview and Level Annotations

Branches:
Dungeon (3/15)

Altars:


Innate Abilities, Weirdness & Mutations

You have a pair of horns on your head.
You reflexively headbutt those who attack you in melee.


Message History

Trog accepts your kill.
You hit the orc. You closely miss the orc.
The rat bites you but does no damage. The orc hits you but does no damage.
The kobold hits you but does no damage. The orc barely misses you.
Things that are here:
a +0 club; a +0 leather armour; an orc corpse You closely miss the rat.
You slash the orc!
You kill the orc!
Trog accepts your kill.
You closely miss the orc. You slash the kobold!
You kill the kobold!
Trog accepts your kill. The rat bites you but does no damage.
The orc hits you with a +0 trident.
Items here: )) ††.
Found a whip and 16 gold pieces.
You feel a strong urge to attack something.
You are no longer berserk.
You are exhausted.
You feel yourself slow down. The rat bites you but does no damage.
The orc hits you from afar with a +0 trident.
* * * LOW HITPOINT WARNING * * *
Things that are here:
a +0 rapier; a kobold corpse You slash the rat!
You kill the rat!
Trog accepts your kill.
You can now call upon Trog for regeneration and willpower.
You slash the hobgoblin!
You kill the hobgoblin!
Trog accepts your kill. The orc hits you but does no damage.
The orc hits you from afar with a +0 trident.
* * * LOW HITPOINT WARNING * * *
The orc hits you with a +0 trident.
* * * LOW HITPOINT WARNING * * *
You see here a rat corpse.
The orc hits you with a +0 trident.
* * * LOW HITPOINT WARNING * * *
The orc hits you with a +0 trident.
You die...

########## ######
#....##... #....#
#.##.#.... ## #....#
##.##......
...##....#####..........
##.....))##....###......
#......†))?.............
)......@o#####.####..)..
.....>......##..........
.).......##......####...
.........#.......## ###.
$....#............### .
#.....###...........##
###... .........#..###
#### ...............
...............


You could see an orc.

Vanquished Creatures
  An iguana (D:2)
  An orc wizard (D:3)
  4 adders (D:2)
  4 orcs (D:3)
  5 endoplasms
  A giant cockroach (D:2)
  6 goblins
  3 hobgoblins
  3 jackals (D:1)
  5 kobolds
  A bat (D:2)
  4 frilled lizards
  5 rats
43 creatures vanquished.

Notes
Turn   | Place    | Note
-------+----------+-------------------------------------------
     0 | D:1      | Wiggles the Minotaur Berserker began the quest for the Orb.
     0 | D:1      | Reached XP level 1. HP: 19/19 MP: 0/0
   497 | D:1      | Reached XP level 2. HP: 27/27 MP: 1/1
   767 | D:2      | Reached skill level 4 in Axes
   864 | D:2      | Reached XP level 3. HP: 16/34 MP: 2/2
  1043 | D:2      | Reached XP level 4. HP: 41/41 MP: 3/3
  1240 | D:2      | Identified the +4 scale mail of the Constellations {Int+4}
  1576 | D:3      | Reached skill level 5 in Axes
  1584 | D:3      | Reached ** piety under Trog
  1586 | D:3      | HP: 2/41 [orc/+0 trident (2)]
  1586 | D:3      | Slain by an orc

Illustrated notes

Levels and vault maps discovered:
D:1:      amcnicky_arrival_blooded_trapdoor, layout_basic
D:2:      layout_basic
D:3:      layout_rooms, mainiacjoe_overflow_boulevard,
          mainiacjoe_overflow_tiny_flanked, hellmonk_no_cap, uniq_jessica

Skill      XL: |  1  2  3  4 |
---------------+-------------+-----
Fighting       | 4 |  4.8
Axes           | 4 5 |  5.1
Armour         | 3 |  3.6
Dodging        | |  2.5

Action                     |  1- 3 |  4- 6 || total
---------------------------+-------+-------++-------
  Melee: Hand axe          |    58 |    50 ||   108
         Headbutt          |     7 |     4 ||    11
 Invoke: Berserk           |     1 |     1 ||     2
 Armour: Ring mail         |     6 |       ||     6
         Plate armour      |    29 |    46 ||    75
  Dodge: Dodged            |    17 |    14 ||    31
         Repelled          |       |     1 ||     1
